AoeStats
← ITA | MarknighT

Golden Pit

507677633Analyzed
1v1 RM · 14d ago on Sep 19, 2026· 30m 36s· 2 players
Game mode
Random Map
Map size
Tiny (2 player)
Population
200
Speed
Normal
Resources
Standard
Victory
Conquest
Starting age
Dark Age
Ending age
Imperial Age
RankedLock teamsTeams togetherTeam positionsShared explorationLock speedFull tech treeHidden civsTurbo modeCheats
Victory
Defeat
🇮🇹 Vikings · Italy
1950
+18
🇨🇳 Maya · China
1986
-18
ITA | MarknighT
6:36 Loom
8:47 Feudal Age
8:55 Man-at-Arms
12:48 Double-Bit Axe
19:10 Castle Age
17:33 Horse Collar
18:31 Fletching
19:00 Padded Archer Armor
20:15 Bow Saw
21:06 Heavy Plow
21:00 Gold Mining
21:54 Town Watch
23:12 Scale Barding Armor
24:56 Chain Barding Armor
25:42 Forging
26:14 Bodkin Arrow
爱种田的老板
0:26 Loom
8:55 Feudal Age
9:24 Double-Bit Axe
14:04 Fletching
17:46 Scale Mail Armor
21:14 Castle Age
19:39 Padded Archer Armor
21:18 Eagle Warrior
22:14 Bow Saw
22:30 Town Watch
23:28 Wheelbarrow
23:40 Arson
23:58 Squires
26:50 Sanctity
28:34 Chain Mail Armor
Connection lost

Rejoining the realm…

Still unreachable

The connection could not be restored.

Session expired

The server has moved on; the page needs a fresh start.